 Dungeon Crawl Stone Soup version 0.14.0-26-g1682e81 (webtiles) character file.

17558 Heini the Severer (level 12, -4/112 HPs)
             Began as a Hill Orc Fighter on Apr 27, 2014.
             Was a High Priest of Okawaru.
             Slain by a death yak simulacrum (21 damage)
             ... in an ice cave.
             The game lasted 00:53:07 (13413 turns).

Heini the Severer (Hill Orc Fighter)               Turns: 13413, Time: 00:53:07

HP  -4/112       AC 25     Str 24      XL: 12   Next: 42%
MP  13/15        EV  7     Int 12      God: Okawaru [*****.]
Gold 609         SH  0     Dex  9      Spells:  0 memorised, 11 levels left

rFire  + + .     SeeInvis .     Y - +0,+2 battleaxe (chop)
rCold  . . .     Clarity  .     B - +0 plate armour
rNeg   + . .     Conserve .     (no shield)
rPois  +         rCorr    .     A - +2 helmet "Ghaunk" {rF++ Dex-1 Int+4 Stlth++}
rElec  .         rRot     .     (no cloak)
SustAb . .       Spirit   .     w - +1 pair of gloves
rMut   .         Warding  .     Q - +0 pair of boots
Saprov + . .     Stasis   .     (no amulet)
MR     .....                    S - ring of positive energy
                                V - ring of poison resistance

@: heroism, not resistant to hostile enchantments, extremely unstealthy
A: breathe flames 1, saprovore 1
a: Heroism, Finesse, Renounce Religion, Breathe Fire


You were in an ice cave.
You worshipped Okawaru.
Okawaru was extremely pleased with you.
You were not hungry.

You visited 3 branches of the dungeon, and saw 14 of its levels.
You also visited: Ossuary and Ice Cave.

You collected 609 gold pieces.

Inventory:

Hand weapons
 a - a +1,-1 war axe
 E - a +3,+2 battleaxe
 Y - a +0,+2 battleaxe of chopping (weapon)
Armour
 w - a +1 pair of gloves (worn)
 A - the +2 helmet "Ghaunk" (worn) {rF++ Dex-1 Int+4 Stlth++}
   (You found it on level 6 of the Dungeon)

   It affects your intelligence (+4).
   It affects your dexterity (-1).
   It greatly protects you from fire.
   It makes you much more stealthy.
 B - a +0 plate armour (worn)
 Q - a +0 pair of boots (worn)
Magical devices
 c - a wand of cold (11) {unknown}
 m - a wand of polymorph (6) {unknown}
 N - a wand of teleportation (7)
 O - a wand of polymorph (12) {unknown}
 U - a wand of paralysis (5) {unknown}
 X - a wand of lightning (5) {unknown}
Comestibles
 d - 4 meat rations
 k - 9 bread rations
 l - a royal jelly
 p - a honeycomb
 u - 2 chunks of jackal flesh
 F - 11 grapes
 T - a rotting chunk of porcupine flesh
Scrolls
 g - 5 scrolls of teleportation
 j - 2 scrolls of remove curse
 o - 5 scrolls of fear
 y - 2 scrolls of recharging
 z - 2 scrolls of fog
 D - 2 scrolls of blinking
Jewellery
 q - an uncursed ring of teleport control
 L - a +1 ring of strength
 S - a ring of positive energy (right hand)
 V - a ring of poison resistance (left hand)
Potions
 b - 2 potions of porridge
 e - a potion of might
 f - 9 potions of curing
 h - 2 potions of haste
 i - 2 potions of brilliance
 n - a potion of invisibility
 s - a potion of agility
 t - 2 potions of restore abilities
 v - a potion of cure mutation {unknown}
 x - a potion of heal wounds
 H - a potion of berserk rage


   Skills:
 * Level 12.1(17.1) Fighting
 * Level 17.0(22.0) Axes
 * Level 11.7(16.7) Armour
   Level 3.2(8.2) Shields
 + Level 1.6 Invocations


You had 11 spell levels left.
You didn't know any spells.

Dungeon Overview and Level Annotations

Branches:
Dungeon (11/15)            Temple (1/1) D:7             Orc (0/4) D:9
   Lair (2/8) D:11

Altars:
Ashenzari
Cheibriados
Dithmenos
Elyvilon
Fedhas
Kikubaaqudgha
Makhleb
Nemelex Xobeh
Okawaru
Sif Muna
Trog
Vehumet
Xom
Yredelemnul
Zin
The Shining One

Shops:
D:7 (


Innate Abilities, Weirdness & Mutations

You can tolerate rotten meat.
You can breathe flames.


Message History

You feel slightly more hungry.
The death yak simulacrum barely misses you.
The death yak simulacrum gores you! The death yak simulacrum freezes you!
One of your 3 potions of haste freezes and shatters!
Your potion of flight freezes and shatters!
* * * LOW HITPOINT WARNING * * *
The alligator simulacrum bites you but does no damage.
The alligator simulacrum tail-slaps you but does no damage.
You slice the death yak simulacrum!!
The death yak simulacrum vapourises!
Okawaru accepts your kill.
You slash the alligator simulacrum!
The alligator simulacrum vapourises!
Okawaru accepts your kill.
Your Axes skill increases to level 17!
You hit the death yak simulacrum but do no damage.
The death yak simulacrum gores you.
* * * LOW HITPOINT WARNING * * *
The death yak simulacrum freezes you!
You die...

#### ##..## #
###....##
#....##Z......#
#....§@.∩.∩.#
##...§......#
##..##....##
### ##..## ####


You could see a death yak simulacrum.

Vanquished Creatures
  Josephine (D:10)
  The ghost of Maka the Grappler, an experienced TrMo (D:10)
  2 tengu warriors (D:11)
  2 hill giants
  3 spiny frogs (Lair:1)
  2 gargoyles
  A fire drake (D:11)
  A polar bear (Lair:1)
  2 komodo dragons (Lair:1)
  2 trolls (D:10)
  A raven (D:11)
  A grizzly bear (Lair:1)
  13 yaks
  A wraith (D:11)
  4 sharks
  A hungry ghost (D:9)
  A hill giant zombie (D:10)
  Eustachio (D:5)
  2 deep elf magi
  3 hippogriffs
  A death yak simulacrum (IceCv)
  2 porcupines (Lair:1)
  6 orc warriors
  A phantom (D:9)
  2 sky beasts
  3 ice beasts
  A black bear (Lair:1)
  An alligator simulacrum (IceCv)
  A giant goldfish (D:9)
  3 centaurs
  4 crocodiles
  5 ogres
  7 giant frogs
  2 giant slugs
  A wyvern skeleton (D:10)
  A troll zombie (D:9)
  6 killer bees (D:7)
  12 scorpions
  4 wights (D:9)
  3 electric eels
  A quasit (D:9)
  3 goliath beetles (D:9)
  3 centaur zombies (Ossuary)
  A human zombie (Ossuary)
  3 big fish
  4 crimson imps
  6 hounds
  2 jellies
  7 orc priests
  A giant frog skeleton (D:6)
  7 iguanas
  12 orc wizards
  6 worker ants
  A hippogriff simulacrum (D:10)
  An orange rat (D:10)
  A wolf simulacrum (IceCv)
  3 big kobold zombies (Ossuary)
  A two-headed ogre simulacrum (D:10)
  A hound skeleton (D:11)
  4 mummies
  An ogre simulacrum (D:10)
  3 orc zombies
  10 adders
  3 scorpion zombies
  2 giant mites
  12 green rats
  3 worms
  A shadow imp (D:5)
  A giant eyeball (D:8)
  3 oozes
  35 orcs
  29 bats
  4 giant cockroaches
  13 goblins
  15 hobgoblins
  7 quokkas
  3 ball pythons
  3 giant geckos
  3 giant newts
  4 gnoll zombies (Ossuary)
  A goblin zombie (Ossuary)
  4 hobgoblin zombies
  13 jackals
  13 kobolds
  4 kobold zombies
  3 orc skeletons
  24 rats
  A rat zombie (D:7)
397 creatures vanquished.

Vanquished Creatures (others)
  A scorpion zombie (Ossuary)
  A fungus (Lair:1)
2 creatures vanquished.

Grand Total: 399 creatures vanquished

Notes
Turn   | Place    | Note
--------------------------------------------------------------
     0 | D:1      | Heini, the Hill Orc Fighter, began the quest for the Orb.
     0 | D:1      | Reached XP level 1. HP: 19/19 MP: 1/1
    75 | D:1      | Reached skill level 4 in Fighting
    75 | D:1      | Reached XP level 2. HP: 17/27 MP: 2/2
   401 | D:1      | Found a sparkling altar of Nemelex Xobeh.
   548 | D:2      | Reached XP level 3. HP: 28/33 MP: 3/3
   679 | D:2      | Found a bloodstained altar of Trog.
   855 | D:2      | Reached XP level 4. HP: 24/41 MP: 4/4
  1609 | D:3      | Found a deep blue altar of Sif Muna.
  1629 | D:3      | Reached XP level 5. HP: 32/47 MP: 5/5
  2024 | D:4      | Reached skill level 5 in Fighting
  2398 | D:4      | Reached skill level 5 in Armour
  2822 | D:4      | Reached XP level 6. HP: 45/56 MP: 6/6
  3269 | D:5      | Entered Level 5 of the Dungeon
  3380 | D:5      | Reached skill level 5 in Axes
  3423 | D:5      | Reached skill level 6 in Armour
  3465 | D:5      | Reached XP level 7. HP: 43/61 MP: 7/7
  4304 | D:5      | Reached skill level 7 in Armour
  4588 | D:6      | Noticed Eustachio
  4618 | D:5      | Reached XP level 8. HP: 54/70 MP: 8/8
  4693 | D:5      | Killed Eustachio
  4836 | D:6      | Got an ichor-stained helmet
  4839 | D:6      | Identified the +2 helmet "Ghaunk" {rF++ Dex-1 Int+4 Stlth++} (You found it on level 6 of the Dungeon)
  4867 | D:6      | Reached skill level 8 in Axes
  5134 | D:6      | Reached skill level 9 in Axes
  5525 | D:6      | Reached XP level 9. HP: 60/79 MP: 9/9
  5762 | D:6      | Found a snail-covered altar of Cheibriados.
  5865 | D:7      | Found a shattered altar of Ashenzari.
  5926 | D:7      | Found a sand-covered staircase.
  5939 | Ossuary  | Entered an ossuary
  6095 | Ossuary  | Reached skill level 10 in Axes
  6605 | D:7      | Reached skill level 11 in Axes
  6812 | D:7      | HP: 4/81 [orc wizard/magic dart (8)]
  7009 | D:7      | Found Grien's Weapon Shop.
  7076 | D:7      | Gained mutation: You can breathe flames. [potion of beneficial mutation]
  7411 | D:7      | Found a staircase to the Ecumenical Temple.
  7418 | Temple   | Entered the Ecumenical Temple
  7458 | Temple   | Became a worshipper of Warmaster Okawaru
  7940 | D:8      | Reached skill level 12 in Axes
  7940 | D:8      | Reached XP level 10. HP: 90/90 MP: 10/10
  7942 | D:8      | Acquired Okawaru's first power
  8100 | D:8      | Found a bloodstained altar of Trog.
  9046 | D:9      | Reached skill level 13 in Axes
  9379 | D:9      | Reached skill level 10 in Armour
  9565 | D:9      | Found a staircase to the Orcish Mines.
  9702 | D:10     | Entered Level 10 of the Dungeon
  9722 | D:10     | Noticed Josephine
  9739 | D:10     | Killed Josephine
  9739 | D:10     | Reached skill level 10 in Fighting
  9739 | D:10     | Reached skill level 14 in Axes
  9739 | D:10     | Reached XP level 11. HP: 70/100 MP: 9/12
  9939 | D:10     | Reached skill level 1 in Invocations
 10495 | D:10     | Reached skill level 15 in Axes
 10523 | D:10     | Noticed Maka's ghost (experienced TrMo)
 10535 | D:10     | Killed Maka's ghost
 10704 | D:10     | Noticed a hill giant
 10715 | D:10     | Killed a hill giant
 11135 | D:11     | Noticed a hill giant
 11140 | D:11     | Noticed a tengu warrior
 11140 | D:11     | Noticed a tengu warrior
 11146 | D:11     | Killed a hill giant
 11146 | D:11     | Acquired Okawaru's second power
 11153 | D:11     | Killed a tengu warrior
 11165 | D:11     | Killed a tengu warrior
 11165 | D:11     | Reached skill level 16 in Axes
 11355 | D:11     | Found a staircase to the Lair.
 11400 | D:11     | Reached XP level 12. HP: 66/111 MP: 15/15
 11413 | Lair:1   | Entered Level 1 of the Lair of Beasts
 12039 | Lair:1   | Received a gift from Okawaru
 13396 | Lair:2   | Found a frozen archway.
 13406 | IceCv    | Entered an ice cave
 13413 | IceCv    | Reached skill level 17 in Axes
 13413 | IceCv    | Slain by a death yak simulacrum

Action                   |  1- 3 |  4- 6 |  7- 9 | 10-12 || total
-------------------------+-------+-------+-------+-------++-------
Melee: War axe           |   122 |   218 |   495 |       ||   835
       Battleaxe         |       |       |    30 |   573 ||   603
Invok: Heroism           |       |       |       |     5 ||     5
Evoke: Wand              |       |       |     1 |       ||     1
  Use: Scroll            |       |     9 |    10 |    11 ||    30
       Potion            |       |       |     6 |     4 ||    10
